 Dungeon Crawl Stone Soup version 0.28-a0-861-ge64d6db94f (webtiles) character file.

Game seed: 12392244531317205212

143992 siradein the Blocker (level 17, -5/109 HPs)
             Began as a Gargoyle Fighter on Nov 15, 2021.
             Was the Champion of Okawaru.
             Constricted to death by a shambling mangrove (12 damage)
             ... on level 4 of the Swamp.
             The game lasted 02:01:26 (24875 turns).

siradein the Blocker (Gargoyle Fighter)            Turns: 24875, Time: 02:01:26

Health: -5/109     AC: 42    Str: 25    XL:     17   Next: 38%
Magic:  25/25      EV: 10    Int:  9    God:    Okawaru [******]
Gold:   3202       SH: 18    Dex: 12    Spells: 16/16 levels left

rFire   . . .      SeeInvis +   U - +7 sceptre of Torment {pain, torment}
rCold   + . .      Faith    .   p - +1 tower shield {rC+}
rNeg    + + .      Spirit   .   G - quicksilver dragon scales of Snakes and Ladders {rElec Will+ SInv}
rPois   ∞          Reflect  .   j - +1 hat of Jiddus {Regen+}
rElec   +          Harm     .   z - +2 cloak
rCorr   .          Rampage  +   y - +2 pair of gloves
Will    ++...                   t - +1 pair of boots {rampage}
Stlth   +.........              s - amulet of regeneration
HPRegen 2.28/turn               c - +4 ring of protection
MPRegen 0.19/turn               o - ring of Xatte {rN+ Str+3 Int-2 Slay+6}

@: grasped by roots, flying, constricted, studying Dodging
A: sickness immunity, AC +12, big wings, negative energy resistance 1,
electricity resistance, torment resistance 1, petrification resistance
a: Renounce Religion, Heroism, Finesse, Duel


You were on level 4 of the Swamp.
You worshipped Okawaru.
Okawaru was exalted by your worship.
You visited 5 branches of the dungeon, and saw 28 of its levels.
You also visited: Bailey and Ice Cave.

You collected 5677 gold pieces.
You spent 2475 gold pieces at shops.

Inventory:

Hand Weapons
 m - a +3 scimitar of flaming
 T - the +5 eveningstar of Entrepreneurial Spirit {spect, rN+}
   (You acquired it on level 11 of the Dungeon)

   When its wielder attacks, the weapon's spirit leaps out and strikes again.
   The spirit shares a part of any damage it takes with its wielder.
   rN:        It protects you from negative energy.
 U - the +7 sceptre of Torment (weapon) {pain, torment}
   (You bought it in a shop on level 2 of the Orcish Mines)

   In the hands of one skilled in necromantic magic, it inflicts extra damage on
   living creatures.
   It occasionally torments all nearby living foes when it strikes in combat.
Missiles
 a - 24 atropa-tipped darts
 f - 16 curare-tipped darts
 q - 98 boomerangs
 u - 89 poisoned darts (quivered)
 D - 7 javelins
 P - 4 datura-tipped darts
 R - 4 silver javelins
 W - 4 throwing nets
Armour
 j - the +1 hat of Jiddus (worn) {Regen+}
   (You acquired it on level 15 of the Dungeon)

   Regen:     It increases your rate of health regeneration.
 p - a +1 tower shield of cold resistance (worn)
 t - a +1 pair of boots of rampaging (worn)
 y - a +2 pair of gloves (worn)
 z - a +2 cloak (worn)
 G - the quicksilver dragon scales of Snakes and Ladders (worn) {rElec Will+ SInv}
   (Okawaru gifted it to you on level 3 of the Swamp)

   rElec:     It insulates you from electricity.
   SInv:      It lets you see invisible.
   Will:      It increases your willpower.
 Y - +2 gold dragon scales
Jewellery
 c - a +4 ring of protection (left hand)
 e - a ring of see invisible
 o - the ring of Xatte (right hand) {rN+ Str+3 Int-2 Slay+6}
   (You found it on level 14 of the Dungeon)

   [ring of positive energy]

   Str:       It affects your strength (+3).
   Int:       It affects your intelligence (-2).
   Slay:      It affects your accuracy & damage with ranged weapons and melee
   (+6).
   rN:        It protects you from negative energy.
 s - an amulet of regeneration (around neck)
Wands
 v - a wand of flame (64)
 x - a wand of paralysis (13)
 K - a wand of mindburst (48)
 L - a wand of polymorph (12)
 N - a wand of iceblast (42)
Scrolls
 g - 4 scrolls of brand weapon
 h - 7 scrolls of teleportation
 i - 4 scrolls of enchant weapon
 k - a scroll of blinking
 l - 4 scrolls of magic mapping
 n - a scroll of holy word
 E - 6 scrolls of fog
 F - 4 scrolls of fear
 I - 4 scrolls of immolation
 J - 4 scrolls of identify
 Q - 3 scrolls of silence
Potions
 b - 5 potions of lignification
 d - 6 potions of might
 r - 5 potions of ambrosia
 w - 8 potions of heal wounds
 A - 2 potions of berserk rage
 B - 2 potions of resistance
 C - 12 potions of curing
 H - 2 potions of invisibility
 M - 4 potions of brilliance
 O - 2 potions of magic
 S - 5 potions of haste
 V - a potion of mutation
Miscellaneous
 X - a piece from Xom's chessboard (15/15)
 Z - a lightning rod (4/4)


   Skills:
 + Level 13.2 Fighting
 + Level 12.0 Maces & Flails
 + Level 9.7 Throwing
 + Level 13.2 Armour
 + Level 10.5 Dodging
 + Level 13.3 Shields
 + Level 4.5 Necromancy
 + Level 10.6 Invocations
 + Level 8.2 Evocations


You had 16 spell levels left.
You didn't know any spells.
Your spell library contained the following spells:

 Spells                   Type           Power      Damage    Failure   Level
 Apportation              Tloc           0%         N/A       94%         1
 Sandblast                Erth           0%         2d4       94%         1
 Blink                    Tloc           0%         N/A       98%         2
 Ensorcelled Hibernation  Hex/Ice        0%         N/A       98%         2
 Passwall                 Tmut/Erth      0%         N/A       98%         2
 Scorch                   Fire           0%         2d5       98%         2
 Static Discharge         Conj/Air       0%         N/A       98%         2
 Dispel Undead            Necr           8%         3d8       98%         4
 Lesser Beckoning         Tloc           0%         N/A       100%        3
 Spider Form              Tmut/Pois      0%         N/A       100%        3
 Stone Arrow              Conj/Erth      0%         3d7       100%        3
 Swiftness                Air            0%         N/A       100%        3
 Flame Wave               Conj/Fire      0%         3d3       100%        4
 Sticky Flame             Conj/Fire      0%         2d3       100%        4
 Alistair's Intoxication  Tmut/Pois      0%         N/A       100%        5
 Fireball                 Conj/Fire      0%         3d3       100%        5
 Iskenderun's Battlesphe  Conj           0%         2d6       100%        5
 Manifold Assault         Tloc           0%         N/A       100%        5
 Conjure Ball Lightning   Conj/Air       0%         3x3d6     100%        6
 Iron Shot                Conj/Erth      0%         9d1       100%        6
 Orb of Destruction       Conj           0%         N/A       100%        7
 Storm Form               Tmut/Air       0%         N/A       100%        7
 Maxwell's Capacitive Co  Air            0%         ∞         100%        8
 Animate Skeleton         Necr           Unusable   N/A       N/A         1
 Summon Small Mammal      Summ           Unusable   N/A       N/A         1
 Summon Lightning Spire   Summ/Air       Unusable   N/A       N/A         4
 Summon Cactus Giant      Summ           Unusable   N/A       N/A         6

Dungeon Overview and Level Annotations

Branches:
Dungeon (15/15)            Temple (1/1) D:7            Lair (6/6) D:10
  Swamp (4/4) Lair:3       Spider (0/4) Lair:3          Orc (2/2) D:9
    Elf (0/3) Orc:2        Vaults (0/5) D:14         Depths (0/4) D:15
 Bailey (visited)           IceCv (visited)
  Slime: Lair:5-6

Altars:
Ashenzari
Cheibriados
Dithmenos
Elyvilon
Fedhas
Gozag
Hepliaklqana
Kikubaaqudgha
Makhleb
Nemelex Xobeh
Okawaru
Qazlal
Ru
Sif Muna
Trog
Uskayaw
Vehumet
Wu Jian
Xom
Yredelemnul
Zin
The Shining One
Beogh
Lugonu

Shops:
D:2 (   D:9 *   Orc:1 [   Orc:2 =?(?

Portals:
Abyss: Lair:6

Annotations:
Lair:3 exclusion: oklob plant
Lair:6 2 transporters, exclusion: 2 oklob plants, freelancePsychic's ghost, journeyman MiBe


Innate Abilities, Weirdness & Mutations

You are immune to sickness and miasma.
Your stone body is resilient. (AC +12)
You are immune to poison.
Your large and strong wings let you fly.
You resist negative energy. (rN+)
You are resistant to electric shocks. (rElec)
You are resistant to unholy torment.
You are immune to petrification.


Message History

* * * LOW HITPOINT WARNING * * *
The grasping roots constrict you.
The spriggan hits you but does no damage.
You block the spriggan rider's attack.
You miss the spriggan.
The spriggan is heavily wounded.
You block the spriggan rider's attack. The spriggan closely misses you.
The shambling mangrove hits you but does no damage.
The grasping roots constrict you.
The spriggan rider hits you from afar with a +0 spear.
* * * LOW HITPOINT WARNING * * *
The spriggan rider hits you from afar with a +0 spear!
* * * LOW HITPOINT WARNING * * *
You sock the shambling mangrove!
The shambling mangrove writhes in agony.
The shambling mangrove is severely damaged.
The spriggan hits you but does no damage.
Angry insects surge out from beneath the shambling mangrove's foliage!
You block the shambling mangrove's attack.
The grasping roots constrict you.
The spriggan rider hits you but does no damage.
You block the spriggan rider's attack.
You feel much better. You block the spriggan's attack.
The hornet stings you but does no damage.
The hornet barely misses you.
You block the shambling mangrove's attack.
The grasping roots constrict you.
* * * LOW HITPOINT WARNING * * *
You block the spriggan rider's attack.
The spriggan rider hits you but does no damage.
You hit the shambling mangrove.
The shambling mangrove writhes in agony.
The shambling mangrove is severely damaged.
The hornet stings you but does no damage. x2
The spriggan hits you with a +0 dagger.
* * * LOW HITPOINT WARNING * * *
You block the spriggan rider's attack. The shambling mangrove hits you!!
* * * LOW HITPOINT WARNING * * *
The grasping roots constrict you!
You die...

..≈ ♣♣≈§
♣♣≈.♣ ♣≈≈≈
♣≈≈!. ♣≈≈.
♣♣≈?≈ ♣♣.≈
♣♣♣.[..♣♣
#♣♣≈≈
....§≈..♣♣
♣§.≈§
≈$♣≈≈≈≈≈i♣♣♣
♣..♣§
..§.≈≈≈≈yfi♣♣
♣♣♣♣♣
♣♣♣.≈≈≈≈iy@y♣
♣♣♣≈♣♣♣♣♣♣♣
♣♣


You could see a shambling mangrove, 2 spriggan riders, 3 hornets and a spriggan.

Vanquished Creatures
  Jorgrun (D:14)
  A thorn hunter (Swamp:1)
  Donald (Swamp:1)
  Frances (Swamp:1)
  2 ghouls
  An orc warlord (Orc:1)
  Nessos (D:13)
  Azrael (D:15)
  A dire elephant (D:15)
  A bunyip (Swamp:1)
  Josephine (D:13)
  Snorg (Lair:4)
  8 eleionomae
  A fire dragon (D:15)
  Harold (Lair:2)
  Fannar (D:12)
  14 hydras
  3 ghost crabs
  Erica (D:8)
  2 spriggan air magi
  2 boulder beetles
  2 catoblepae
  A death knight (D:14)
  6 centaur warriors
  4 two-headed ogres
  5 death yaks (Lair:5)
  13 alligators
  9 slime creatures
  A tengu warrior (D:12)
  3 thrashing horrors (Lair:6)
  A spriggan berserker (Swamp:1)
  Sonja (D:10)
  Nergalle (Lair:2)
  4 goliath frogs (Swamp:3)
  2 spriggan druids
  4 bog bodies
  2 swamp dragons
  A deep elf archer (D:14)
  10 orc knights
  Pikel (D:4)
  An orb spider (shapeshifter) (D:15)
  5 deep elf pyromancers
  8 ugly things
  3 will-o-the-wisps
  2 deep elf zephyrmancers (D:14)
  A wolf spider (D:15)
  A salamander (D:15)
  2 cyclopes
  3 ice statues (IceCv)
  2 orc sorcerers (Orc:1)
  3 manticores
  22 elephants
  A guardian serpent (shapeshifter) (D:14)
  3 black mambas
  A smoke demon (Lair:6)
  Maurice (D:8)
  Joseph (D:7)
  4 gargoyles
  An unseen horror (D:13)
  13 cane toads
  2 kobold demonologists
  5 yaktaurs
  2 rime drakes
  An efreet (D:15)
  8 komodo dragons
  4 freezing wraiths
  5 trolls
  2 ancient zymes (Lair:6)
  An entropy weaver simulacrum (IceCv)
  A polar bear (Lair:6)
  10 hornets
  6 tyrant leeches
  Grinder (D:3)
  Prince Ribbit (D:7)
  18 blink frogs
  A raiju (shapeshifter) (Lair:6)
  2 large abominations (Lair:6)
  A spriggan (shapeshifter) (D:14)
  12 spriggans
  Sigmund (D:4)
  A shadow (D:12)
  2 ynoxinuls (Lair:6)
  7 wraiths
  59 yaks
  6 wyverns
  6 basilisks
  A vampire (D:12)
  5 fire elementals (D:15)
  3 chaos spawn (Lair:6)
  5 steam dragons
  17 vampire mosquitoes
  A harpy simulacrum (IceCv)
  A death yak simulacrum (IceCv)
  14 swamp worms
  2 acid dragons
  8 wargs
  Duvessa (D:5)
  3 hell hounds (D:15)
  12 water moccasins
  38 orc warriors
  5 swamp drakes
  2 black bears (shapeshifter)
  A black bear (D:6)
  An ice beast (D:7)
  2 sky beasts
  5 ogres
  5 wolves (Lair:3)
  3 lemures (D:4)
  A phantom (D:6)
  21 centaurs
  3 kobold brigands
  3 scorpions
  11 bullfrogs
  A cane toad simulacrum (IceCv)
  Dowan (D:5)
  A water moccasin zombie (D:5)
  A water moccasin skeleton (D:7)
  15 killer bees
  An elephant simulacrum (IceCv)
  A howler monkey (D:6)
  10 wights
  2 centaur zombies
  2 centaur skeletons
  6 hounds
  3 jellies
  23 orc priests
  Crazy Yiuf (D:2)
  A bullfrog skeleton (D:6)
  6 hell rats (Lair:3)
  Jessica (D:3)
  2 iguanas (D:6)
  22 orc wizards
  2 polar bear simulacra (IceCv)
  8 small abominations (Lair:6)
  A hound zombie (D:5)
  A hound skeleton (D:4)
  Robin (D:2)
  A howler monkey zombie (D:9)
  19 gnolls
  7 adders
  A shadow imp (D:5)
  2 adder skeletons (D:4)
  A worm (D:5)
  A dart slug (D:2)
  84 orcs
  11 bats
  5 endoplasms
  2 giant cockroaches
  13 goblins
  19 hobgoblins
  9 jackals
  4 quokkas
  5 ball pythons
  8 frilled lizards
  15 kobolds
  3 rats
857 creatures vanquished.

Vanquished Creatures (others)
  4 bloated husks
  A vampire mosquito (Swamp:1)
  2 swamp worms (Swamp:3)
  A swamp drake (Swamp:4)
  2 orcs (Orc:1)
  22 foxfires
  13 fungi
  33 plants
78 creatures vanquished.

Grand Total: 935 creatures vanquished

Notes
Turn   | Place    | Note
-------+----------+-------------------------------------------
     0 | D:1      | siradein the Gargoyle Fighter began the quest for the Orb.
     0 | D:1      | Reached XP level 1. HP: 14/14 MP: 1/1
   237 | D:1      | Reached XP level 2. HP: 19/19 MP: 2/2
   695 | D:1      | Found a faded altar of an unknown god.
   790 | D:2      | Reached XP level 3. HP: 23/23 MP: 3/3
   986 | D:2      | Noticed Robin
  1004 | D:2      | Reached skill level 1 in Dodging
  1004 | D:2      | Killed Robin
  1005 | D:2      | Reached XP level 4. HP: 27/29 MP: 4/4
  1300 | D:2      | Found Poythik's Antique Weapon Shop.
  1652 | D:2      | Found a runed translucent door.
  1653 | D:2      | Noticed Crazy Yiuf
  1870 | D:3      | Noticed Jessica
  1886 | D:3      | Killed Jessica
  1887 | D:3      | Reached XP level 5. HP: 31/33 MP: 5/5
  2035 | D:3      | Noticed Grinder
  2053 | D:3      | Killed Grinder
  2054 | D:3      | Reached XP level 6. HP: 31/39 MP: 6/6
  2620 | D:4      | Noticed Sigmund
  2636 | D:4      | Killed Sigmund
  2637 | D:4      | Reached XP level 7. HP: 41/44 MP: 7/7
  2757 | D:4      | Reached skill level 5 in Fighting
  2757 | D:4      | Reached skill level 5 in Armour
  2757 | D:4      | Reached skill level 5 in Shields
  2918 | D:4      | Found a broken altar of Ashenzari.
  3198 | D:4      | Noticed a wyvern
  3212 | D:4      | Killed a wyvern
  3405 | D:4      | Reached XP level 8. HP: 31/50 MP: 8/8
  3753 | D:5      | Entered Level 5 of the Dungeon
  3836 | D:5      | Noticed Duvessa
  3836 | D:5      | Noticed Dowan
  3851 | D:5      | Killed Duvessa
  3900 | D:5      | Killed Dowan
  4097 | D:5      | Reached skill level 5 in Maces & Flails
  4249 | D:5      | Noticed Pikel
  4398 | D:4      | Killed Pikel
  4399 | D:4      | Reached XP level 9. HP: 50/56 MP: 9/9
  4728 | D:6      | Identified 3 scrolls of acquirement
  4907 | D:6      | Reached skill level 1 in Throwing
  5346 | D:7      | Noticed a two-headed ogre
  5393 | D:7      | Killed a two-headed ogre
  5394 | D:7      | Reached XP level 10. HP: 63/63 MP: 10/10
  5400 | D:7      | Noticed Joseph
  5428 | D:7      | Killed Joseph
  5429 | D:7      | Reached skill level 5 in Dodging
  5467 | D:7      | Found a radiant altar of Vehumet.
  5590 | D:7      | Found a staircase to the Ecumenical Temple.
  5693 | Temple   | Entered the Ecumenical Temple
  5722 | Temple   | Became a worshipper of Warmaster Okawaru
  6060 | D:7      | Noticed Prince Ribbit
  6088 | D:7      | Killed Prince Ribbit
  6813 | D:8      | Noticed Maurice
  6830 | D:8      | Noticed Erica
  6831 | D:8      | Killed Maurice
  6831 | D:8      | Reached * piety under Okawaru
  6832 | D:8      | Reached skill level 1 in Invocations
  6947 | D:8      | Killed Erica
  6947 | D:8      | Reached ** piety under Okawaru
  7112 | D:8      | Reached XP level 11. HP: 69/69 MP: 12/12
  7469 | D:9      | Found Hile's Lightly-Used Armoury.
  7577 | D:9      | Found a staircase to the Orcish Mines.
  7628 | D:9      | Reached *** piety under Okawaru
  7733 | D:9      | Received a gift from Okawaru
  7802 | D:9      | Received a gift from Okawaru
  8242 | D:9      | Reached **** piety under Okawaru
  8421 | D:10     | Entered Level 10 of the Dungeon
  8442 | D:10     | Noticed a two-headed ogre
  8471 | D:10     | Killed a two-headed ogre
  8471 | D:10     | Received a gift from Okawaru
  8537 | D:10     | Noticed Sonja
  8552 | D:10     | Killed Sonja
  8564 | D:10     | Found a burning altar of Makhleb.
  8706 | D:10     | Found a staircase to the Lair.
  8790 | D:10     | Reached skill level 5 in Throwing
  8790 | D:10     | Reached skill level 1 in Evocations
  8865 | D:10     | Found a shimmering blue altar of Sif Muna.
  8865 | D:10     | Found a shadowy altar of Dithmenos.
  8866 | D:10     | Found a sparkling altar of Nemelex Xobeh.
  8866 | D:10     | Found a white marble altar of Elyvilon.
  8867 | D:10     | Found a glowing golden altar of the Shining One.
  8867 | D:10     | Found an ornate altar of the Wu Jian Council.
  8868 | D:10     | Found a glowing silver altar of Zin.
  9044 | D:11     | Acquired the +5 eveningstar of Entrepreneurial Spirit
                  | {spect, rN+}
  9100 | D:11     | Noticed a sixfirhy
  9101 | D:11     | Reached ***** piety under Okawaru
  9198 | D:11     | Reached XP level 12. HP: 76/76 MP: 15/15
  9246 | D:11     | Noticed a two-headed ogre
  9253 | D:11     | Killed a two-headed ogre
  9701 | Lair:1   | Entered Level 1 of the Lair of Beasts
  9944 | Lair:1   | Noticed a five-headed hydra
 10002 | Lair:1   | Killed a five-headed hydra
 10002 | Lair:1   | Received a gift from Okawaru
 10003 | Lair:1   | Reached skill level 5 in Invocations
 10644 | Lair:2   | Noticed a boulder beetle
 10659 | Lair:2   | Killed a boulder beetle
 10770 | Lair:2   | Noticed Harold
 10778 | Lair:2   | Killed Harold
 10854 | Lair:2   | Found a glowing silver altar of Zin.
 10872 | Lair:2   | Noticed Nergalle
 10880 | Lair:2   | Killed Nergalle
 11064 | Lair:2   | Noticed a seven-headed hydra
 11066 | Lair:2   | Reached skill level 10 in Shields
 11073 | Lair:2   | Killed a one-headed hydra
 11345 | Lair:2   | Acquired 1328 gold pieces
 11402 | D:9      | Bought -2 gold dragon scales for 1050 gold pieces
 11594 | D:2      | Killed Crazy Yiuf
 11981 | Lair:3   | Reached skill level 10 in Armour
 11986 | Lair:3   | Reached skill level 10 in Fighting
 11986 | Lair:3   | Reached XP level 13. HP: 76/82 MP: 17/17
 11991 | Lair:3   | Received a gift from Okawaru
 12099 | Lair:3   | Found a hole to the Spider Nest.
 12316 | Lair:3   | Found a staircase to the Swamp.
 12404 | Lair:3   | Reached ****** piety under Okawaru
 12564 | Lair:3   | Found a blossoming altar of Fedhas.
 12889 | Lair:4   | Received a gift from Okawaru
 12912 | Lair:4   | Noticed Snorg
 12946 | Lair:4   | Killed Snorg
 13040 | Lair:4   | Upgraded the game from 0.28-a0-851-g8b9cc49659 to
                  | 0.28-a0-861-ge64d6db94f
 14150 | Lair:5   | Received a gift from Okawaru
 14296 | Lair:5   | Gained mutation: Your large and strong wings let you fly.
                  | [Gargoyle growth]
 14296 | Lair:5   | Reached XP level 14. HP: 88/88 MP: 19/19
 14500 | Lair:5   | Reached skill level 5 in Evocations
 14791 | Lair:6   | Entered Level 6 of the Lair of Beasts
 14908 | Lair:6   | Reached skill level 10 in Maces & Flails
 15012 | Lair:6   | Found a transporter.
 15017 | Lair:6   | Found a transporter.
 15017 | Lair:6   | Noticed freelancePsychic's ghost (journeyman MiBe)
 15243 | Lair:6   | Received a gift from Okawaru
 16057 | Lair:6   | Received a gift from Okawaru
 16073 | Lair:6   | Found a corrupted altar of Lugonu.
 16076 | Lair:6   | Found a one-way gate to the infinite horrors of the Abyss.
 16329 | Orc:1    | Entered Level 1 of the Orcish Mines
 16333 | Orc:1    | Noticed an orc warlord
 16565 | Orc:1    | Killed an orc warlord
 16566 | Orc:1    | Found Diwoarim's Armour Shop.
 16588 | Orc:1    | Received a gift from Okawaru
 16600 | Orc:1    | Found a flagged portal.
 16609 | Bailey   | Entered a bailey
 16939 | Orc:1    | Reached XP level 15. HP: 85/95 MP: 7/21
 17599 | Orc:2    | Entered Level 2 of the Orcish Mines
 17599 | Orc:2    | Found a staircase to the Elven Halls.
 18245 | Orc:2    | HP: 3/96 [orc knight (8)]
 18675 | Orc:2    | Found Cih Deom's Jewellery Boutique.
 18883 | Orc:2    | Found Lelaush's Weapon Boutique.
 18883 | Orc:2    | Found Hoaso's Magic Scroll Emporium.
 18889 | Orc:2    | Bought the +7 sceptre of Torment {pain, torment} for 1320
                  | gold pieces
 18889 | Orc:2    | Found the +7 sceptre of Torment {pain, torment}
 18933 | Orc:2    | Found Pihug's Magic Scroll Emporium.
 18971 | Orc:2    | Bought a scroll of enchant armour for 105 gold pieces
 19319 | D:12     | Found a frozen archway.
 19328 | IceCv    | Entered an ice cave
 19499 | IceCv    | Got Femup's Papyrus of Clay
 19594 | D:12     | Noticed Fannar
 19609 | D:12     | Killed Fannar
 19833 | D:12     | Reached skill level 1 in Necromancy
 20320 | D:13     | Received a gift from Okawaru
 20517 | D:13     | Noticed Josephine
 20527 | D:13     | Killed Josephine
 20543 | D:13     | Noticed Nessos
 20572 | D:13     | Killed Nessos
 21451 | D:14     | You are sucked into a shaft and drop 1 floor!
 21451 | D:15     | Entered Level 15 of the Dungeon
 21618 | D:14     | Found a gate to the Vaults.
 21657 | D:14     | Noticed Jorgrun
 21664 | D:14     | Killed Jorgrun
 21665 | D:14     | Reached XP level 16. HP: 101/101 MP: 23/23
 21729 | D:14     | Identified the ring of Xatte {rN+ Str+3 Int-2 Slay+6}
 21889 | D:15     | Noticed Azrael
 21890 | D:15     | Found a shadowy altar of Dithmenos.
 21921 | D:15     | Killed Azrael
 21983 | D:15     | Received a gift from Okawaru
 22044 | D:15     | Received a gift from Okawaru
 22400 | D:15     | Found a staircase to the Depths.
 22618 | D:15     | Acquired 1062 gold pieces
 22620 | D:15     | Acquired a manual of Dodging
 22622 | D:15     | Acquired 572 gold pieces
 22624 | D:15     | Acquired the +1 hat of Jiddus {Regen+}
 22807 | Swamp:1  | Entered Level 1 of the Swamp
 22832 | Swamp:1  | Received a gift from Okawaru
 22909 | Swamp:1  | Noticed Frances
 22918 | Swamp:1  | Killed Frances
 23074 | Swamp:1  | Reached skill level 10 in Invocations
 23078 | Swamp:1  | Noticed a thorn hunter
 23095 | Swamp:1  | Killed a thorn hunter
 23095 | Swamp:1  | Received a gift from Okawaru
 23217 | Swamp:1  | Received a gift from Okawaru
 23459 | Swamp:1  | Noticed Donald
 23478 | Swamp:1  | Killed Donald
 23631 | Swamp:1  | Reached skill level 10 in Dodging
 23675 | Swamp:2  | Identified the +3 short sword of Ceaduall {venom, Str+3}
 23941 | Swamp:2  | Reached XP level 17. HP: 69/108 MP: 24/24
 24602 | Swamp:3  | Identified the quicksilver dragon scales of Snakes and
                  | Ladders {rElec Will+ SInv} (Okawaru gifted it to you on
                  | level 3 of the Swamp)
 24602 | Swamp:3  | Received a gift from Okawaru
 24706 | Swamp:4  | Entered Level 4 of the Swamp
 24875 | Swamp:4  | Constricted to death by a shambling mangrove

Illustrated notes

Levels and vault maps discovered:
D:1:      matt_arrival_refuge, layout_rooms,
          shapermc_ecumenical_altar_mp_ritualfount
D:2:      minmay_chambers_of_twos, layout_rooms, serial_shops, shop,
          serial_bayou_lagoon_a, uniq_crazy_yiuf_cottage, uniq_robin
D:3:      layout_basic, corner_web_ring, uniq_jessica, uniq_grinder
D:4:      minmay_polygon_palace, layout_loops_ring,
          mainiacjoe_overflow_six_doors_small, uniq_sigmund
D:5:      layout_loops_cross, uniq_pikel, uniq_duvessa
D:6:      layout_cave_pools
D:7:      layout_basic, nicolae_overflow_hidden_temple,
          minmay_temple_entry_mist, uniq_joseph, uniq_prince_ribbit1
D:8:      layout_basic, uniq_erica, uniq_maurice
D:9:      layout_roguey, david_orc_2, minmay_shop_damaged, corexii_checkpoint_a
D:10:     layout_big_octagon, overflow_temple_1_default,
          grunt_temple_overflow_open, erik_lair_orcish_takeover,
          kennysheep_decorative_pillar, solitary_fountain, uniq_sonja
D:11:     layout_loops_ring
D:12:     layout_roguey, portal_ice_cave_entry_pillars_1, serial_bayou_crossing,
          uniq_fannar
D:13:     layout_gridville, uniq_josephine, uniq_nessos
D:14:     layout_roguey, hangedman_vaults_entry_quadrant_bands,
          hangedman_decor_diamond_cutter, uniq_jorgrun
D:15:     hangedman_depths_entry_try_elsewhere_first, layout_gridville,
          grunt_dithmenos_smoke, uniq_azrael
Temple:   minmay_temple_bridge_abc
Lair:1:   layout_chaotic_city
Lair:2:   layout_cave_pods, basic_altar, chequers_serial_rivers_small_a,
          grunt_forest_large_clearing_hut, uniq_harold, uniq_nergalle
Lair:3:   layout_regular_city, minmay_swamp_entry_swarm, dummy_spider_entry,
          minivault_27, tgw_fedhas
Lair:4:   layout_cellular_growth, uniq_snorg
Lair:5:   layout_regular_city
Lair:6:   hellmonk_lair_end_abyssal_woods, layout_gridlike,
          minmay_slime_entry_oklob_enclosed, gammafunk_ghost_arena,
          lemuel_fruit_fields
Swamp:1:  layout_basic_swamp, hangedman_swamp_ruin_wall, swamp_pool1,
          nicolae_swamp_oxbows, uniq_donald, uniq_frances
Swamp:2:  layout_basic_swamp, evilmike_swamp_ruin_house_4
Swamp:3:  layout_basic_swamp, evilmike_swamp_ruin_house_2, swamp_pool5,
          hangedman_swamp_blocks, infiniplex_staircase_pool
Swamp:4:  swamp_basic_johnstein, layout_basic_swamp
Orc:1:    layout_diamond_mine, enter_bailey_2, serial_shops, shop, basic_altar,
          nicolae_orc_crystal_geode
Orc:2:    st_orc_town, layout_caves

Skill      XL: |  1  2  3  4  5  6  7  8  9 10 11 12 13 14 15 16 17 |
---------------+----------------------------------------------------+-----
Dodging        | 1 2 3 4 5 6 7 8 9 10 | 10.5
Fighting       | 4 5 6 7 8 9 10 11 12 13 | 13.2
Armour         | 4 5 6 7 8 9 10 11 12 13 | 13.2
Shields        | 4 5 6 7 8 9 10 11 12 13 | 13.3
Maces & Flails | 3 4 5 6 7 8 9 10 11 12 | 12.0
Throwing       | 2 3 5 7 8 9 |  9.7
Invocations    | 2 4 6 7 8 9 10 | 10.6
Evocations     | 1 3 4 6 7 8 |  8.2
Necromancy     | 2 4 |  4.5

Action                   |  1- 3 |  4- 6 |  7- 9 | 10-12 | 13-15 | 16-18 || total
-------------------------+-------+-------+-------+-------+-------+-------++-------
Melee: Flail             |   113 |   110 |   115 |       |       |       ||   338
       Mace              |       |       |   184 |    31 |       |       ||   215
       Whip              |       |       |   120 |   974 |       |       ||  1094
       Eveningstar       |       |       |       |   151 |  1158 |   623 ||  1932
       Scimitar          |       |       |       |     7 |    18 |       ||    25
Throw: Stone             |       |     2 |     2 |     3 |       |       ||     7
       Dart              |       |       |     9 |    14 |    10 |       ||    33
Invok: Heroism           |       |       |       |       |     1 |       ||     1
Evoke: Wand              |       |       |       |     5 |       |       ||     5
  Use: Potion            |       |     3 |       |       |       |     1 ||     4
       Scroll            |       |       |     6 |     7 |    19 |     6 ||    38
 Stab: Paralysed         |       |       |       |     4 |     1 |       ||     5
       Distracted        |       |       |       |     2 |     3 |       ||     5
       Confused          |       |       |       |       |       |     1 ||     1
Armor: Scale mail        |     9 |       |       |       |       |       ||     9
       Chain mail        |    71 |    67 |   272 |   141 |       |       ||   551
       Steam dragon scal |       |       |       |   332 |       |       ||   332
       Skin              |       |       |       |     1 |       |       ||     1
       Acid dragon scale |       |       |       |    78 |       |       ||    78
       Gold dragon scale |       |       |       |    41 |  1027 |   652 ||  1720
       Quicksilver drago |       |       |       |       |       |   125 ||   125
Dodge: Dodged            |    38 |    48 |   183 |   318 |   167 |   240 ||   994
Block: Buckler           |    20 |    31 |    99 |    26 |       |       ||   176
       Tower shield      |       |       |       |   930 |  1395 |   770 ||  3095

Table legend: (Time is in decaauts)
 A = Elapsed time spent in this place.
 B = Non-inter-level travel time spent in this place.
 C = Inter-level travel time spent in this place.
 D = Time resting spent in this place.
 E = Time spent auto-exploring this place.
 F = Levels seen in this place.
 G = Mean time per level.
                   A        B        C        D        E       F      G
               +--------+--------+--------+--------+--------+-----+--------+
         Total |  25589 |  24049 |   1540 |    424 |  15594 |  30 |  853.0 |
       Dungeon |  13971 |  12814 |   1157 |    152 |   8479 |  15 |  931.4 |
        Temple |     50 |     50 |      0 |      0 |     19 |   1 |   50.0 |
          Lair |   6408 |   6166 |    242 |    141 |   4515 |   6 | 1068.0 |
         Swamp |   2202 |   2171 |     31 |     15 |   1180 |   4 |  550.5 |
  Orcish Mines |   2388 |   2278 |    110 |    115 |   1213 |   2 | 1194.0 |
        Bailey |    347 |    347 |      0 |      0 |    146 |   1 |  347.0 |
      Ice Cave |    220 |    220 |      0 |      0 |     42 |   1 |  220.0 |
               +--------+--------+--------+--------+--------+-----+--------+

Top non-repeatable levels by time:
  Lair:6: 1478 daAuts
     D:4: 1335 daAuts
   Orc:2: 1323 daAuts
     D:9: 1305 daAuts
  Lair:3: 1186 daAuts
     D:2: 1157 daAuts
     D:8: 1117 daAuts
  Lair:4: 1108 daAuts
     D:7: 1069 daAuts
   Orc:1: 1064 daAuts
  Lair:2: 984 daAuts
    D:15: 958 daAuts
    D:13: 931 daAuts
     D:3: 890 daAuts
     D:5: 873 daAuts
